 Dungeon Crawl Stone Soup version 0.22-a0-422-g9628fc8 (webtiles) character file.

28249 Sergey the Grappler (level 13, -13/131 HPs)
             Began as a Troll Skald on May 21, 2018.
             Was an Elder of Cheibriados.
             Mangled by a tengu reaver
             ... wielding a +2 halberd of freezing
              (31 damage)
             ... on level 12 of the Dungeon.
             The game lasted 00:53:21 (5901 turns).

Sergey the Grappler (Troll Skald)                   Turns: 5901, Time: 00:53:22

Health: -13/131    AC:  6    Str: 31    XL:     13   Next: 8%
Magic:  13/18      EV: 10    Int: 22    God:    Cheibriados [****..]
Gold:   1041       SH: 16    Dex: 20    Spells: 8/16 levels left

rFire    . . .     SeeInvis .     - Unarmed
rCold    . . .     Gourm    +   m - +4 shield {reflect}
rNeg     + . .     Faith    .   r - +2 robe {MR+}
rPois    +         Spirit   .   (helmet restricted)
rElec    .         Reflect  +   i - +2 ratskin cloak {+Rats rPois rN+ Str-1 Int-1 Dex+1}
rCorr    .         Harm     .   (gloves unavailable)
MR       +....                  (boots unavailable)
Stlth    ++........             x - amulet of regeneration
HPRegen  1.51/turn              (no ring)
MPRegen  0.16/turn              (no ring)

@: corroded, slowed, very slow
A: large, unfitting armour, beak, claws 3, horns 2, fast metabolism 3, gourmand,
regeneration 2, shaggy fur 1, tough skin 2
a: Bend Time, Temporal Distortion, Slouch, Renounce Religion, Evoke Ratskin


You were on level 12 of the Dungeon.
You worshipped Cheibriados.
Cheibriados was greatly pleased with you.
You were very full.

You visited 3 branches of the dungeon, and saw 17 of its levels.
You also visited: Sewer and Ice Cave.

You collected 1041 gold pieces.

Inventory:

Missiles
 s - 14 javelins (quivered)
 B - 25 large rocks
Armour
 a - a +0 robe
 i - the +2 ratskin cloak (worn) {+Rats rPois rN+ Str-1 Int-1 Dex+1}
   (You found it on level 6 of the Dungeon)

   It affects your strength (-1).
   It affects your intelligence (-1).
   It affects your dexterity (+1).
   It protects you from poison.
   It protects you from negative energy.
 m - a +4 shield of reflection (worn)
 r - a +2 robe of magic resistance (worn)
 v - a +0 troll leather armour
Magical Staves
 A - an uncursed staff of conjuration
Jewellery
 w - an uncursed amulet of magic regeneration
 x - an amulet of regeneration (around neck)
Wands
 d - a wand of flame (65)
 z - a wand of iceblast (11)
 D - a wand of acid (8)
Scrolls
 e - a scroll of fog
 f - 3 scrolls of holy word
 j - 6 scrolls of teleportation {@r3}
 l - 7 scrolls of remove curse {@r2}
 n - 2 scrolls of amnesia
 p - a scroll of blinking
 t - a scroll of brand weapon
 u - a scroll of noise {unknown}
 y - a scroll of magic mapping
 E - a scroll of enchant weapon {unknown}
Potions
 b - a potion of agility
 g - 3 potions of curing {@q2}
 h - 3 potions of brilliance
 k - a potion of might
 o - 2 potions of flight
 q - a potion of cancellation
 C - a potion of mutation
Miscellaneous
 G - a lamp of fire (inert)
Comestibles
 c - 22 rations
 F - 4 chunks of flesh


   Skills:
 + Level 9.1 Fighting
 - Level 1.9 Dodging
 * Level 6.9 Shields
 + Level 13.4 Unarmed Combat
 - Level 2.0 Spellcasting
 - Level 3.0 Charms
 - Level 3.0 Necromancy
 * Level 8.6 Invocations
 + Level 3.0 Evocations


You had 8 spell levels left.
You knew the following spells:

 Your Spells              Type           Power        Failure   Level  Hunger
a - Infusion              Chrm           ###.         6%          1    #......
e - Blink                 Tloc           N/A          30%         2    ##.....
f - Regeneration          Chrm/Necr      ###.......   19%         3    ###....
x - Song of Slaying       Chrm           ###.....     9%          2    ##.....

Your spell library contained the following spells:

 Spells                   Type           Power        Failure   Level  Hunger
 Magic Dart               Conj           #...         21%         1    #......
 Conjure Flame            Conj/Fire      #.......     52%         3    ###....
 Slow                     Hex            #.......     30%         2    ##.....
 Confuse                  Hex            #.......     52%         3    ###....
 Mephitic Cloud           Conj/Pois/Air  #.......     52%         3    ###....
 Ring of Flames           Chrm/Fire      #.........   100%        7    #######
 Call Imp                 Summ           #.......     30%         2    ##.....
 Tukima's Dance           Hex            #.......     52%         3    ###....
 Ensorcelled Hibernation  Hex/Ice        #.....       30%         2    ##.....
 Corona                   Hex            #......      21%         1    #......
 Shroud of Golubria       Chrm/Tloc      #.........   17%         2    ##.....
 Iskenderun's Battlesphe  Conj/Chrm      #.......     97%         5    ######.
 Dazzling Spray           Conj/Hex       #.....       52%         3    ###....
 Spectral Weapon          Hex/Chrm       #.......     32%         3    ###....


Dungeon Overview and Level Annotations

Branches:
Dungeon (14/15)            Temple (1/1) D:4            Lair (0/6) D:9
    Orc (2/2) D:10
    Elf: Orc:2       Vaults: D:13-14

Altars:
Ashenzari
Cheibriados
Elyvilon
Gozag
Hepliaklqana
Kikubaaqudgha
Nemelex Xobeh
Okawaru
Qazlal
Ru
Sif Muna
Trog
Uskayaw
Vehumet
Wu Jian
Xom
Yredelemnul
Zin
The Shining One

Shops:
Orc:2 [

Annotations:
Orc:1 exclusion: downstairs


Innate Abilities, Weirdness & Mutations

You are too large for most types of armour.
You have claws for hands.
Your metabolism is lightning-fast.
You like to eat raw meat.
You heal very quickly.
You are covered in fur. (AC +1)
You have very tough skin. (AC +2)
You have a beak for a mouth.
You have a pair of horns on your head.


Message History

Cheibriados thoroughly appreciates the change of pace.
A battlesphere comes into view.
The battlesphere is engulfed in blazing flames.
The tengu reaver is engulfed in blazing flames.
The tengu reaver hits you from afar with a halberd of freezing!!
The tengu reaver freezes you.
You can feel time thicken for a moment.
You destroy the battlesphere!
You feel somewhat less full.
You can no longer step out of the time flow.
Cheibriados lowers the support of your attributes as your movement quickens.
The tengu reaver is engulfed in blazing flames.
The tengu reaver gestures at you while chanting.
The bolt of acid hits you!
* * * LOW HITPOINT WARNING * * *
The acid corrodes you!
You are splashed with acid!
The acid burns!
* * * LOW HITPOINT WARNING * * *
The tengu reaver is engulfed in blazing flames.
The tengu reaver hits you from afar with a halberd of freezing!!
You die...

######### #.#..§§§#
#.#§Q# ##@#....#
#.##W.## #.# ...#
### #.# ..## ..#
##.# |). ..#
##..####### ..#
#.#.....#.## ..#
##.#...#.#.######
..####
#.#.#.#.#...)(.)###


You could see a tengu reaver.

Vanquished Creatures
  A sphinx (D:12)
  2 ettins (D:12)
  A fire dragon (D:13)
  A yaktaur captain (D:12)
  A hydra (D:11)
  2 centaur warriors
  Erica (D:8)
  A two-headed ogre (D:11)
  An ogre mage (Orc:1)
  An unseen horror (D:12)
  Pikel (D:8)
  A phantasmal warrior (D:13)
  A wizard (D:11)
  An orc knight (D:11)
  5 cyclopes
  A manticore (D:11)
  A manticore (shapeshifter) (D:12)
  A deep elf mage (D:11)
  An ugly thing (D:12)
  A black mamba (shapeshifter) (D:13)
  A gargoyle (D:10)
  A komodo dragon (D:9)
  A freezing wraith (D:12)
  A yaktaur (shapeshifter) (D:13)
  A tengu conjurer (D:12)
  6 trolls
  4 polar bears (IceCv)
  3 hippogriffs
  A vampire (D:10)
  2 shadows (D:11)
  A hog (shapeshifter) (D:13)
  2 wyverns
  Grum (D:8)
  A hungry ghost (D:11)
  5 yaks
  An acid dragon (D:11)
  A water moccasin (D:8)
  2 wargs (D:10)
  Duvessa (D:4)
  10 orc warriors
  2 phantoms (D:8)
  A black bear (D:9)
  3 ice beasts
  3 sky beasts
  8 ogres
  8 wolves
  A crocodile (D:8)
  4 big kobolds
  11 bullfrogs
  A water moccasin zombie (D:11)
  Dowan (D:4)
  A wyvern skeleton (D:8)
  A scorpion (D:9)
  7 killer bees
  7 wights (D:8)
  A howler monkey (D:9)
  A bullfrog zombie (D:9)
  4 crimson imps
  A quasit (D:6)
  A centaur zombie (D:11)
  4 hounds
  3 jellies
  2 centaur skeletons
  12 orc priests
  17 orc wizards
  An iguana (D:4)
  Natasha (twice) (D:3)
  7 worker ants
  A hound skeleton (D:6)
  A worker ant zombie (D:5)
  A gnoll (D:3)
  11 adders
  4 river rats (D:4)
  2 shadow imps (D:11)
  A worker ant simulacrum (D:11)
  3 oozes
  2 adder skeletons
  2 worms
  4 leopard geckos
  65 orcs
  8 ball pythons
  3 bats
  2 giant cockroaches
  2 goblins
  3 hobgoblins
  7 jackals
  13 kobolds
  3 quokkas
  3 frilled lizards (D:2)
  A jackal skeleton (D:5)
  A leopard gecko skeleton (D:4)
  24 rats
354 creatures vanquished.

Vanquished Creatures (collateral kills)
  A two-headed ogre (D:9)
  A shadow imp (D:6)
  3 jackals (D:9)
5 creatures vanquished.

Vanquished Creatures (others)
  A cyclops (D:14)
  A vampire (D:11)
  3 slaves (D:8)
  3 wolves (IceCv)
  A plant (D:9)
9 creatures vanquished.

Grand Total: 368 creatures vanquished

Notes
Turn   | Place    | Note
-------+----------+-------------------------------------------
     0 | D:1      | Sergey the Troll Skald began the quest for the Orb.
     0 | D:1      | Reached XP level 1. HP: 19/19 MP: 1/1
    99 | D:2      | Reached XP level 2. HP: 25/27 MP: 2/2
   150 | D:3      | Reached skill level 3 in Unarmed Combat
   215 | D:3      | Noticed an ogre
   224 | D:4      | Reached XP level 3. HP: 21/35 MP: 3/3
   236 | D:4      | Found a glowing drain.
   239 | D:4      | Noticed Duvessa
   255 | D:3      | Killed an ogre
   255 | D:3      | Reached skill level 4 in Unarmed Combat
   255 | D:3      | Reached XP level 4. HP: 25/44 MP: 4/4
   274 | D:4      | Noticed Dowan
   283 | Sewer    | Entered a sewer
   301 | Sewer    | Noticed a big kobold
   301 | Sewer    | Noticed a big kobold
   315 | Sewer    | Killed a big kobold
   315 | Sewer    | Reached skill level 5 in Unarmed Combat
   315 | Sewer    | Reached XP level 5. HP: 13/50 MP: 5/5
   352 | Sewer    | Reached XP level 6. HP: 18/61 MP: 6/6
   378 | Sewer    | Learned a level 2 spell: Song of Slaying
   382 | Sewer    | Learned a level 3 spell: Regeneration
   595 | D:4      | Killed Duvessa
   595 | D:4      | Reached skill level 6 in Unarmed Combat
   601 | D:4      | HP: 1/61 [Dowan/wand of flame (22) (7)]
   611 | D:4      | Killed Dowan
   611 | D:4      | Reached XP level 7. HP: 17/67 MP: 7/7
   651 | D:5      | Entered Level 5 of the Dungeon
   660 | D:5      | Reached skill level 1 in Necromancy
   702 | D:4      | Found an ornate altar of the Wu Jian Council.
  1026 | D:4      | Found a staircase to the Ecumenical Temple.
  1045 | Temple   | Entered the Ecumenical Temple
  1304 | D:4      | Reached skill level 7 in Unarmed Combat
  1433 | D:5      | Reached XP level 8. HP: 65/78 MP: 8/8
  1477 | D:5      | Found a sacrificial altar of Ru.
  1588 | D:5      | Reached skill level 8 in Unarmed Combat
  1594 | D:5      | HP: 3/79 [yak (6)]
  1645 | D:5      | Reached skill level 5 in Fighting
  1705 | D:6      | Found the +2 ratskin cloak {+Rats rPois rN+ Str-1 Int-1 Dex+1}
  2014 | D:6      | Reached skill level 9 in Unarmed Combat
  2021 | D:6      | Reached XP level 9. HP: 88/88 MP: 6/9
  2097 | D:8      | Found a radiant altar of Vehumet.
  2105 | D:8      | Noticed Grum
  2214 | D:8      | Noticed Erica
  2222 | D:8      | Noticed Pikel
  2243 | D:8      | Killed Pikel
  2243 | D:8      | Reached skill level 1 in Evocations
  2250 | D:8      | Killed Erica
  2250 | D:8      | Reached skill level 10 in Unarmed Combat
  2353 | D:8      | Reached XP level 10. HP: 47/98 MP: 10/12
  2467 | D:9      | Noticed a two-headed ogre
  2486 | D:9      | Killed a two-headed ogre
  2574 | D:9      | Found a staircase to the Lair.
  2653 | D:8      | Reached skill level 11 in Unarmed Combat
  2806 | D:8      | Killed Grum
  3073 | D:3      | Noticed Natasha
  3080 | D:3      | Killed Natasha
  3291 | D:1      | Gained mutation: You heal very quickly. [potion of mutation]
  3291 | D:1      | Gained mutation: You have a pair of small horns on your head. [potion of mutation]
  3291 | D:1      | Gained mutation: You have a beak for a mouth. [potion of mutation]
  3291 | D:1      | Gained mutation: You have a pair of horns on your head. [potion of mutation]
  3464 | D:2      | You fall through a shaft!
  3488 | D:3      | Found an iron altar of Okawaru.
  3513 | D:3      | Noticed Natasha
  3519 | D:3      | Killed Natasha
  4001 | D:9      | Reached skill level 12 in Unarmed Combat
  4059 | D:9      | Found a stormy altar of Qazlal.
  4059 | D:9      | Found an ancient bone altar of Kikubaaqudgha.
  4059 | D:9      | Found a hide-covered altar of Uskayaw.
  4059 | D:9      | Found a snail-covered altar of Cheibriados.
  4066 | D:9      | Found a deep blue altar of Sif Muna.
  4068 | D:9      | Became a worshipper of Cheibriados the Contemplative
  4078 | D:9      | Reached skill level 1 in Invocations
  4126 | D:10     | Entered Level 10 of the Dungeon
  4169 | D:10     | Identified a scroll of acquirement
  4175 | D:10     | Found a staircase to the Orcish Mines.
  4212 | D:10     | Identified the Compendium of Assistive Weightlessness
  4229 | Orc:1    | Entered Level 1 of the Orcish Mines
  4239 | Orc:1    | Reached * piety under Cheibriados
  4304 | Orc:1    | Reached XP level 11. HP: 109/109 MP: 4/13
  4324 | Orc:1    | Noticed an ogre mage
  4330 | Orc:1    | Killed an ogre mage
  4384 | Orc:2    | Entered Level 2 of the Orcish Mines
  4445 | Orc:2    | Found Plog's Antique Armour Shoppe.
  4449 | Orc:2    | Noticed an orc warlord
  4502 | Orc:1    | Reached ** piety under Cheibriados
  4508 | Orc:1    | Reached skill level 1 in Shields
  4548 | Orc:2    | Noticed an orc high priest
  4735 | D:11     | Noticed a two-headed ogre
  4746 | D:11     | Killed a two-headed ogre
  4808 | D:11     | Noticed a wizard
  4818 | D:11     | Killed a wizard
  4818 | D:11     | Reached skill level 5 in Invocations
  4836 | D:11     | Noticed a deep elf mage
  4837 | D:11     | Noticed a centaur warrior
  4840 | D:11     | Killed a deep elf mage
  4851 | D:11     | Killed a centaur warrior
  4863 | D:11     | Reached *** piety under Cheibriados
  4891 | D:11     | Noticed a four-headed hydra
  4897 | D:11     | Killed a four-headed hydra
  4935 | D:11     | Noticed an orc knight
  4953 | D:11     | Killed an orc knight
  5013 | D:11     | Reached XP level 12. HP: 117/122 MP: 9/15
  5106 | D:11     | Reached **** piety under Cheibriados
  5253 | D:11     | Learned a level 2 spell: Blink
  5346 | D:13     | Found a frozen archway.
  5351 | D:13     | Reached skill level 5 in Shields
  5373 | IceCv    | Entered an ice cave
  5385 | IceCv    | Reached skill level 13 in Unarmed Combat
  5601 | D:13     | Noticed a fire dragon
  5606 | D:13     | Killed a fire dragon
  5780 | D:12     | Noticed a centaur warrior
  5784 | D:12     | Killed a centaur warrior
  5786 | D:12     | Noticed a sphinx
  5789 | D:12     | Reached ***** piety under Cheibriados
  5798 | D:12     | Killed a sphinx
  5821 | D:12     | Noticed an ettin
  5821 | D:12     | Noticed a yaktaur captain
  5821 | D:12     | Noticed an ettin
  5829 | D:12     | Killed an ettin
  5835 | D:12     | Killed an ettin
  5835 | D:12     | Reached XP level 13. HP: 100/131 MP: 18/18
  5893 | D:12     | Noticed a tengu reaver
  5901 | D:12     | Mangled by a tengu reaver

Vault maps used:
D:1:      elethiomel_arrival_shortcut
D:2:      first_ration
D:3:      serial_glass, glass_columns_b, glass_columns_a,
          okawaru_altar_gauntlet_db, uniq_natasha
D:4:      marbit_many_paths, minmay_temple_entry_butterflies,
          portal_sewer_entry_a, dk_rats_in_the_wall, uniq_duvessa,
          uniq_blork_the_orc
D:5:      kennysheep_little_box, makhleb_grotto_becter, roderic_filled_cross
D:6:      lightli_church_of_beogh
D:7:      lemuel_round_altar
D:8:      nicolae_overflow_hidden_temple, uniq_grum, uniq_erica, uniq_pikel
D:9:      minmay_overflow_temple_hex, david_lair_shrubbed
D:10:     david_orc_1_choice
D:11:     minmay_the_grid_4x2, hangedman_pestilent_swarm
D:12:     minmay_tearing_corner
D:13:     david_vaults_4, portal_ice_cave_entry_pillars_2
D:14:     serial_shops, shop, uniq_azrael
Temple:   minmay_temple_curvy_loop
Orc:1:    mines1_david, uniq_erolcha
Orc:2:    grunt_orc_cross, serial_shops, nicolae_shop_statue_plus,
          kennysheep_orc_chapel
Sewer:    kennysheep_pipe_town
IceCv:    ice_cave_caverns_02

Skill      XL: |  1  2  3  4  5  6  7  8  9 10 11 12 |
---------------+-------------------------------------+-----
Unarmed Combat | 3 4 5 6 7 9 10 12 13 | 13.4
Fighting       | 2 3 4 5 6 7 8 9 |  9.1
Necromancy     | 2 3 |  3.0
Charms         | 3 |  3.0
Evocations     | 2 3 |  3.0
Spellcasting   | 2 |  2.0
Invocations    | 2 6 8 |  8.6
Shields        | 4 6 |  6.9
Dodging        | |  1.9

Action                   |  1- 3 |  4- 6 |  7- 9 | 10-12 | 13-15 || total
-------------------------+-------+-------+-------+-------+-------++-------
Melee: Unarmed           |    52 |    85 |   270 |   562 |     9 ||   978
       Punch             |       |     3 |    10 |    11 |       ||    24
       Headbutt          |       |       |       |   100 |     5 ||   105
       Peck              |       |       |       |    86 |     2 ||    88
Throw: Javelin           |       |       |       |     7 |       ||     7
 Cast: Infusion          |     1 |       |     1 |       |       ||     2
       Song of Slaying   |       |     6 |    11 |    25 |       ||    42
       Regeneration      |       |       |     8 |    27 |     2 ||    37
       Blink             |       |       |       |     1 |       ||     1
Invok: Bend Time         |       |       |       |     1 |       ||     1
       Slouch            |       |       |       |       |     1 ||     1
       Temporal Distorti |       |       |       |       |     1 ||     1
 Abil: Evoke Ratskin     |       |       |     3 |     5 |       ||     8
Evoke: Wand              |       |       |     2 |    13 |       ||    15
       Lamp of fire      |       |       |       |       |     1 ||     1
  Use: Scroll            |       |     2 |     8 |    12 |       ||    22
       Potion            |       |     5 |     4 |     3 |       ||    12
 Stab: Sleeping          |       |       |     2 |       |       ||     2
  Eat: Chunk             |     6 |     3 |    16 |    46 |       ||    71
Armor: Robe              |    17 |    56 |    64 |   202 |       ||   339
       Skin              |       |       |       |    10 |       ||    10
Dodge: Dodged            |    35 |    67 |   140 |   256 |     2 ||   500
Block: Shield            |       |       |       |   200 |     7 ||   207
       Reflection        |       |       |       |    10 |       ||    10

Table legend:
 A = Spawn XP
 B = Non-spawn XP
 C = Spawn XP percentage of total XP
 D = Spawn monster count
 E = Non-spawn monster count
 F = Spawn count percentage of total count
 G = Total turns spent on level
                    A         B        C        D         E        F      G
               +---------+---------+-------+---------+---------+-------+---------
         Total |       0 |   40356 |   0.0 |       0 |     361 |   0.0 |  5901
               +---------+---------+-------+---------+---------+-------+---------
           D:1 |       0 |       8 |   0.0 |       0 |       5 |   0.0 |   254
           D:2 |       0 |      22 |   0.0 |       0 |      11 |   0.0 |   270
           D:3 |       0 |     267 |   0.0 |       0 |      18 |   0.0 |   317
           D:4 |       0 |     855 |   0.0 |       0 |      49 |   0.0 |   661
           D:5 |       0 |    1298 |   0.0 |       0 |      18 |   0.0 |   711
           D:6 |       0 |     398 |   0.0 |       0 |      18 |   0.0 |   333
           D:7 |       0 |     405 |   0.0 |       0 |       8 |   0.0 |   175
           D:8 |       0 |    3935 |   0.0 |       0 |      39 |   0.0 |   543
           D:9 |       0 |    2172 |   0.0 |       0 |      25 |   0.0 |   461
          D:10 |       0 |    1881 |   0.0 |       0 |      19 |   0.0 |   264
          D:11 |       0 |   10823 |   0.0 |       0 |      48 |   0.0 |   594
          D:12 |       0 |    9314 |   0.0 |       0 |      12 |   0.0 |   210
          D:13 |       0 |    3594 |   0.0 |       0 |      16 |   0.0 |   197
          D:14 |       0 |     526 |   0.0 |       0 |       1 |   0.0 |    41
        Temple |       0 |       6 |   0.0 |       0 |       2 |   0.0 |   100
         Orc:1 |       0 |    3125 |   0.0 |       0 |      37 |   0.0 |   311
         Orc:2 |       0 |      46 |   0.0 |       0 |       2 |   0.0 |    19
         Sewer |       0 |     337 |   0.0 |       0 |      24 |   0.0 |   301
         IceCv |       0 |    1344 |   0.0 |       0 |       9 |   0.0 |   139
               +---------+---------+-------+---------+---------+-------+---------
